 Dungeon Crawl Stone Soup version 0.24.0-13-gcf9b3192b9 (webtiles) character file.

Game seed: 16977793048536701014, levelgen mode: deterministic

2329 sking99 the Grappler (level 9, -21/89 HPs)
             Began as a Troll Monk on Nov 8, 2019.
             Was a Priest of Qazlal.
             Killed from afar by a necromancer (43 damage)
             ... with a bolt of fire
             ... on level 10 of the Dungeon.
             The game lasted 00:08:28 (5182 turns).

sking99 the Grappler (Troll Monk)                   Turns: 5182, Time: 00:08:28

Health: -21/89     AC:  7    Str: 24    XL:     9   Next: 19%
Magic:  11/11      EV: 10    Int:  6    God:    Qazlal [***...]
Gold:   282        SH:  4    Dex: 12    Spells: 8/8 levels left

rFire    . . .     SeeInvis .     - Unarmed
rCold    . . .     Gourm    +   (no shield)
rNeg     . . .     Faith    .   a - +1 robe
rPois    .         Spirit   .   (helmet restricted)
rElec    .         Reflect  .   (no cloak)
rCorr    .         Harm     .   (gloves unavailable)
MR       +....                  (boots unavailable)
Stlth    +.........             (no amulet)
HPRegen  0.64/turn              c - ring of flight
MPRegen  0.12/turn              n - ring of protection from magic

@: very slightly contaminated, lightly drained, invisible
A: large, unfitting armour, claws 3, fast metabolism 3, gourmand, regeneration
1, shaggy fur 1, tough skin 3
a: Upheaval, Elemental Force, Renounce Religion, Evoke Flight


You were on level 10 of the Dungeon.
You worshipped Qazlal.
Qazlal was most pleased with you.
You were full.

You visited 1 branch of the dungeon, and saw 8 of its levels.

You collected 282 gold pieces.

Inventory:

Armour
 a - a +1 robe (worn)
Jewellery
 c - a ring of flight (left claw)
 n - a ring of protection from magic (right claw)
Wands
 l - a wand of disintegration (19)
 q - a wand of polymorph (14)
Scrolls
 d - 2 scrolls of amnesia
 f - 2 scrolls of remove curse
 j - 2 scrolls of teleportation
 o - a scroll of identify
Potions
 e - a potion of agility
 g - 2 potions of lignification
 h - 2 potions of heal wounds
 i - 2 potions of curing
 k - a potion of flight
 m - a potion of invisibility
 p - a potion of brilliance {unknown}
 s - 2 potions of magic {unknown}
Comestibles
 b - 9 rations


   Skills:
 + Level 5.7(5.5) Fighting
 - Level 2.4(2.1) Dodging
 - Level 1.0(0.8) Stealth
 * Level 9.5(9.2) Unarmed Combat
 + Level 4.9(4.7) Invocations


You had 8 spell levels left.
You didn't know any spells.
Your spell library contained the following spells:

 Spells                   Type           Power        Failure   Level  Hunger
 Summon Small Mammal      Summ           #...         45%         1    ##.....
 Call Imp                 Summ           #.......     58%         2    ###....
 Call Canine Familiar     Summ           #.......     83%         3    ####...
 Summon Guardian Golem    Hex/Summ       #.......     83%         3    ####...
 Summon Ice Beast         Ice/Summ       #.......     99%         4    #####..
 Summon Lightning Spire   Summ/Air       #.......     99%         4    #####..


Dungeon Overview and Level Annotations

Branches:
Dungeon (7/15)             Temple (0/1) D:6

Altars:
Ashenzari
Fedhas
Makhleb
Nemelex Xobeh
Qazlal
Trog

Shops:
D:4 [   D:10 ?

Annotations:
D:10 2 runed translucent doors, dxctxrx's ghost, novice DsMo


Innate Abilities, Weirdness & Mutations

You are too large for most types of armour.
You have claws for hands.
Your metabolism is lightning-fast.
You like to eat raw meat.
Your natural rate of healing is unusually fast.
You are covered in fur. (AC +1)
You have extremely tough skin. (AC +3)


Message History

You closely miss something.
You hear some strange, mumbled words.
Your body is wracked with pain!
* * * LOW HITPOINT WARNING * * *
You miss something. Something hits you!
* * * LOW HITPOINT WARNING * * *
You scratch something. Something hits you but does no damage.
You fade into invisibility!
Something hits you but does no damage.
You are very lightly contaminated with residual magic.
You scratch something. You claw something!
You hear some strange, mumbled words.
A bolt of fire appears from out of thin air!
The bolt of fire misses you.
You barely miss something. You claw something.
You hear some strange, mumbled words.
A bolt of fire appears from out of thin air!
The bolt of fire hits you!!!
You die...

#.############.#
#..............#
#....########..#
#..#.##### #..#
#........# #..#
####.###># #..# ####.#
#.# #..#
#...Z###.####..#
#...z{@........#
#..######.#####.##....##
#.z.......# #.##.####
#....z..### #.##.# #
######### #.##.## #
#.#...## #########
#......## ........#
######.......####
#######.#
##...#...........#


You could see a wight and a centaur warrior skeleton.

Vanquished Creatures
  A gargoyle (D:10)
  A tengu conjurer (D:10)
  2 flying skulls (D:10)
  A sky beast (D:10)
  A phantom (D:5)
  2 ogres
  A centaur (D:10)
  A bullfrog (D:6)
  2 scorpions
  4 howler monkeys
  A centaur zombie (D:10)
  6 hounds
  2 centaur skeletons
  An orc priest (D:5)
  2 iguanas
  3 orc wizards (D:5)
  Terence (D:3)
  A killer bee zombie (D:10)
  A hound zombie (D:6)
  2 hound skeletons
  A worker ant zombie (D:5)
  A howler monkey skeleton (D:4)
  5 adders
  2 shadow imps
  2 oozes
  2 adder skeletons
  4 worms
  2 dart slugs
  6 leopard geckos
  11 orcs
  2 ball pythons
  5 goblins
  12 hobgoblins
  3 jackals (D:2)
  2 quokkas
  10 bats
  A frilled lizard (D:2)
  A giant cockroach zombie (D:5)
  5 kobolds
  3 quokka zombies (D:5)
  12 rats
128 creatures vanquished.

Notes
Turn   | Place    | Note
-------+----------+-------------------------------------------
     0 | D:1      | sking99 the Troll Monk began the quest for the Orb.
     0 | D:1      | Reached XP level 1. HP: 22/22 MP: 0/0
   188 | D:1      | Reached XP level 2. HP: 29/29 MP: 1/1
   780 | D:2      | Reached XP level 3. HP: 36/36 MP: 2/2
   858 | D:2      | Reached skill level 4 in Unarmed Combat
  1491 | D:3      | Reached XP level 4. HP: 45/45 MP: 3/3
  1696 | D:3      | Noticed Terence
  1703 | D:3      | Killed Terence
  1794 | D:3      | Reached skill level 5 in Unarmed Combat
  1802 | D:3      | Noticed an air elemental
  1804 | D:3      | Found a stormy altar of Qazlal.
  1805 | D:3      | Noticed an earth elemental
  1805 | D:3      | Noticed a water elemental
  1805 | D:3      | Noticed a fire elemental
  1908 | D:3      | Reached XP level 5. HP: 51/53 MP: 4/4
  1947 | D:3      | Became a worshipper of Qazlal Stormbringer
  1947 | D:3      | Reached * piety under Qazlal
  1947 | D:3      | Reached ** piety under Qazlal
  2232 | D:4      | Reached skill level 1 in Invocations
  2232 | D:4      | Reached XP level 6. HP: 46/61 MP: 5/5
  2297 | D:4      | Found a blossoming altar of Fedhas.
  2344 | D:4      | Found Biemm's Antique Armour Shop.
  2421 | D:4      | Reached skill level 6 in Unarmed Combat
  2596 | D:5      | Entered Level 5 of the Dungeon
  2633 | D:5      | Found a shattered altar of Ashenzari.
  2749 | D:5      | Reached XP level 7. HP: 70/70 MP: 7/7
  2979 | D:5      | Reached skill level 7 in Unarmed Combat
  3097 | D:5      | Found a burning altar of Makhleb.
  3362 | D:5      | Noticed a moth of wrath
  3365 | D:5      | Found a bloodstained altar of Trog.
  3379 | D:5      | Reached *** piety under Qazlal
  3962 | D:6      | Reached XP level 8. HP: 76/79 MP: 9/9
  4050 | D:6      | Found a staircase to the Ecumenical Temple.
  4510 | D:6      | Found a sparkling altar of Nemelex Xobeh.
  4620 | D:7      | You fall into a shaft and drop 3 floors!
  4620 | D:10     | Entered Level 10 of the Dungeon
  4659 | D:10     | Reached skill level 8 in Unarmed Combat
  4680 | D:10     | Reached skill level 5 in Fighting
  4802 | D:10     | Found Veskusaper's Magic Scroll Shop.
  4853 | D:10     | Noticed a gargoyle
  4859 | D:10     | Killed a gargoyle
  4880 | D:10     | Noticed a tengu conjurer
  4899 | D:10     | Found a large runed translucent door.
  4899 | D:10     | Found a large runed translucent door.
  4899 | D:10     | Noticed dxctxrx's ghost (novice DsMo)
  4902 | D:10     | Killed a tengu conjurer
  4902 | D:10     | Reached skill level 9 in Unarmed Combat
  5131 | D:10     | Reached XP level 9. HP: 81/88 MP: 11/11
  5141 | D:10     | Noticed a necromancer
  5182 | D:10     | Killed from afar by a necromancer

Levels and vault maps discovered:
D:1:      sevenhm_arrival_forest_fort_small_3, layout_basic
D:2:      layout_loops_ring, first_ration
D:3:      layout_basic, serial_curves, eino_curves_01, eino_curves_02,
          nicolae_qazlal_style_of_elements, uniq_terence
D:4:      layout_basic, fedhas_altar_1, serial_shops, shop
D:5:      layout_cave_pods, kennysheep_little_box, tgw_trog,
          hangedman_abyss_or_decor_passed, makhleb_heckhound_becter
D:6:      layout_layer_cave, lemuel_crystal_altar, temple_doors_e
D:7:      gammafunk_wand_slinger, layout_basic, basic_altar,
          minmay_fractal_squares_gapless_5
D:10:     hangedman_screamer, layout_loops_ring, serial_shops, shop,
          ebering_ghost_disaster_area

Skill      XL: |  1  2  3  4  5  6  7  8 |
---------------+-------------------------+-----
Unarmed Combat | 4 5 6 7 9 |  9.5
Fighting       | 3 4 5 |  5.7
Invocations    | 1 2 3 4 |  4.9
Dodging        | |  2.4
Stealth        | |  1.0

Action                   |  1- 3 |  4- 6 |  7- 9 || total
-------------------------+-------+-------+-------++-------
Melee: Unarmed           |   112 |   111 |   183 ||   406
       Punch             |     3 |     4 |     6 ||    13
Invok: Upheaval          |       |       |     2 ||     2
  Use: Scroll            |       |     9 |     4 ||    13
       Potion            |       |       |     1 ||     1
 Stab: Sleeping          |     5 |     2 |       ||     7
  Eat: Chunk             |    19 |    12 |    19 ||    50
Armor: Robe              |    42 |    35 |    49 ||   126
Dodge: Dodged            |    66 |    57 |    64 ||   187
Block: Other             |       |     4 |    25 ||    29
